Map: Honorgrounds LE

Players

Lacronimus

  • Race: Protoss Protoss
  • League: Silver
  • Spawn Location: 11:00

micDE - Winner!

  • Race: Protoss Protoss
  • League: Diamond
  • Spawn Location: 5:00

VOD

Have the link to the VOD?

Description

Time

  • Played on: Jan. 22, 2017, 4 p.m.
  • Length: 11:11
Show
View Real Time Build Order
Export as new Build Order

Lacronimus Protoss 

Build Orders: Zealot Archon 

Get SALT Encoding   

  12  0:03  Probe (Chrono Boost)  
  13  0:13  Probe (Chrono Boost)  
  14  0:19  Pylon  
  14  0:24  Probe (Chrono Boost)  
  15  0:37  Gateway  
  15  0:40  Probe (Chrono Boost)  
  16  0:50  Assimilator  
  16  0:51  Probe (Chrono Boost)  
  17  1:07  Probe (Chrono Boost)  
  18  1:12  Assimilator  
  18  1:19  Probe (Chrono Boost)  
  18  1:25  Gateway  
  19  1:30  Probe (Chrono Boost)  
  19  1:31  Cybernetics Core  
  20  1:42  Pylon  
  20  1:44  Probe (Chrono Boost)  
  21  1:52  Zealot  
  23  1:55  Warp Gate  
  23  2:00  Probe (Chrono Boost)  
  26  2:16  Mothership Core (Chrono Boost)  
  26  2:18  Pylon  
  26  2:21  Zealot  
  28  2:28  Adept  
  31  2:37  Probe (Chrono Boost)  
  31  2:49  Probe (Chrono Boost)  
  32  3:04  Nexus  
  32  3:09  Probe (Chrono Boost)  
  33  3:19  Forge  
  33  3:23  Probe (Chrono Boost)  
  35  3:35  Probe (Chrono Boost)  
  35  3:41  Twilight Council  
  35  3:44  Adept  
  35  3:47  Probe (Chrono Boost)  
  38  3:57  Pylon  
  38  4:02  Probe (Chrono Boost)  
  39  4:04  Protoss Ground Weapons Level 1  
  39  4:12  Assimilator  
  39  4:15  Adept  
  37  4:25  Charge, Probe (Chrono Boost)  
  37  4:26  Probe (Chrono Boost)  
  39  4:35  Probe (Chrono Boost)  
  39  4:38  Gateway, Probe (Chrono Boost)  
  41  4:47  Probe (Chrono Boost)  
  41  4:50  Probe (Chrono Boost)  
  43  4:57  Probe (Chrono Boost), Assimilator  
  44  5:02  Probe (Chrono Boost)  
  45  5:08  Pylon, Probe (Chrono Boost)  
  47  5:15  Probe (Chrono Boost)  
  47  5:18  Probe (Chrono Boost)  
  48  5:25  Gateway  
  48  5:27  Probe (Chrono Boost)  
  49  5:29  Probe (Chrono Boost)  
  49  5:33  Templar Archives  
  49  5:35  Adept  
  52  5:39  Probe x2 (Chrono Boost)  
  52  5:40  Adept  
  52  5:42  Adept  
  59  5:50  Probe (Chrono Boost)  
  59  5:51  Probe (Chrono Boost)  
  60  6:04  Nexus, Probe (Chrono Boost)  
  62  6:05  Probe (Chrono Boost)  
  62  6:09  Protoss Ground Armor Level 1  
  62  6:14  Probe (Chrono Boost)  
  62  6:17  Probe (Chrono Boost)  
  64  6:21  Adept x2  
  64  6:25  Probe (Chrono Boost)  
  69  6:37  Pylon  
  69  6:38  Pylon, Probe (Chrono Boost)  
  70  6:40  Pylon  
  70  6:55  Pylon, Probe (Chrono Boost)  
  70  6:56  Probe (Chrono Boost), Adept x2  
  70  6:57  Pylon  
  70  6:59  Pylon, High Templar  
  70  7:00  High Templar  
  80  7:04  Archon  
  82  7:15  Probe (Chrono Boost)  
  82  7:17  Gateway, Probe (Chrono Boost)  
  82  7:20  Gateway  
  82  7:23  Gateway  
  82  7:26  Probe (Chrono Boost)  
  82  7:28  Resonating Glaives  
  82  7:29  Probe (Chrono Boost)  
  84  7:33  Pylon  
  84  7:35  Pylon  
  84  7:36  Probe (Chrono Boost)  
  85  7:37  Pylon  
  85  7:41  Probe (Chrono Boost)  
  86  7:47  Probe (Chrono Boost)  
  87  7:56  Probe (Chrono Boost)  
  87  7:57  Probe (Chrono Boost), Adept x3  
  87  7:58  Adept  
  77  8:13  Psionic Storm  
  73  8:25  Robotics Facility  
  73  8:30  High Templar x4  
  73  8:31  High Templar x3  
  87  8:38  Archon  
  87  8:39  Archon x2  
  87  8:44  Probe x2 (Chrono Boost)  
  87  8:45  Probe (Chrono Boost)  
  90  8:50  Gateway  
  90  8:51  Gateway  
  90  8:54  Probe (Chrono Boost)  
  92  8:56  Gateway  
  92  8:57  Probe (Chrono Boost), Assimilator  
  92  9:01  Assimilator  
  92  9:06  Gateway  
  92  9:07  Zealot x2  
  92  9:08  Zealot x4  
  92  9:09  Zealot, Nexus  
  106  9:21  Immortal  
  110  9:29  High Templar x3  
  110  9:30  High Templar  
  118  9:33  Zealot x3  
  118  9:35  Archon x2  
  116  9:56  Zealot x4  
  116  9:57  Zealot  
  124  10:05  Zealot x4  
  128  10:15  Zealot  
  118  10:34  Zealot x3  
  118  10:35  Zealot x4  
  112  10:36  Zealot x3  
Show
View Real Time Build Order
Export as new Build Order

micDE Protoss - Winner!

Build Orders: 1 Gate Expand, Colossus Rush 

Get SALT Encoding   

  12  0:01  Probe (Chrono Boost)  
  13  0:11  Probe (Chrono Boost)  
  14  0:19  Pylon  
  14  0:22  Probe (Chrono Boost)  
  15  0:37  Probe (Chrono Boost)  
  15  0:38  Gateway  
  16  0:47  Probe (Chrono Boost)  
  17  0:50  Assimilator  
  17  0:58  Probe (Chrono Boost)  
  18  1:09  Probe (Chrono Boost)  
  19  1:24  Nexus  
  19  1:36  Cybernetics Core  
  19  1:38  Probe (Chrono Boost)  
  20  1:49  Probe (Chrono Boost)  
  20  1:52  Pylon  
  21  1:54  Assimilator  
  21  1:59  Probe (Chrono Boost)  
  22  2:10  Probe (Chrono Boost)  
  22  2:14  Adept  
  27  2:24  Mothership Core (Chrono Boost)  
  27  2:27  Pylon  
  27  2:29  Warp Gate  
  27  2:38  Probe (Chrono Boost)  
  27  2:43  Probe (Chrono Boost)  
  29  2:48  Probe (Chrono Boost)  
  30  2:53  Robotics Facility, Probe (Chrono Boost)  
  31  2:59  Probe (Chrono Boost)  
  31  3:04  Probe (Chrono Boost)  
  33  3:10  Probe (Chrono Boost)  
  34  3:15  Probe (Chrono Boost)  
  35  3:20  Probe (Chrono Boost)  
  35  3:25  Pylon, Probe (Chrono Boost)  
  37  3:31  Probe (Chrono Boost)  
  37  3:32  Gateway  
  38  3:36  Probe (Chrono Boost)  
  38  3:37  Gateway  
  40  3:41  Probe (Chrono Boost)  
  40  3:44  Assimilator  
  40  3:46  Assimilator  
  40  3:47  Observer  
  41  3:48  Probe (Chrono Boost)  
  41  3:55  Probe (Chrono Boost)  
  43  4:00  Probe (Chrono Boost)  
  44  4:05  Probe (Chrono Boost)  
  44  4:09  Observer  
  45  4:13  Probe (Chrono Boost)  
  45  4:16  Probe (Chrono Boost)  
  49  4:25  Probe (Chrono Boost)  
  49  4:26  Probe (Chrono Boost)  
  50  4:32  Stalker  
  50  4:33  Stalker x2  
  50  4:37  Probe x2 (Chrono Boost), Twilight Council  
  58  4:47  Probe (Chrono Boost)  
  58  4:49  Probe (Chrono Boost)  
  60  4:58  Blink  
  60  4:59  Robotics Bay  
  60  5:02  Pylon  
  60  5:03  Pylon, Probe (Chrono Boost)  
  60  5:04  Probe (Chrono Boost)  
  62  5:20  Immortal, Probe (Chrono Boost)  
  62  5:21  Stalker x2  
  70  5:22  Stalker, Probe (Chrono Boost)  
  74  5:29  Pylon  
  74  5:31  Probe (Chrono Boost)  
  74  5:34  Probe (Chrono Boost)  
  76  5:42  Nexus  
  76  5:45  Pylon  
  76  5:54  Pylon  
  76  5:59  Colossus, Stalker  
  76  6:00  Stalker  
  76  6:03  Stalker  
  88  6:12  Probe (Chrono Boost)  
  88  6:13  Probe (Chrono Boost)  
  88  6:18  Pylon  
  90  6:22  Probe (Chrono Boost)  
  92  6:25  Probe (Chrono Boost)  
  92  6:28  Stalker x3  
  98  6:33  Probe (Chrono Boost)  
  98  6:35  Pylon  
  98  6:38  Probe (Chrono Boost)  
  100  6:44  Probe (Chrono Boost)  
  101  6:50  Probe (Chrono Boost), Resonating Glaives  
  101  6:52  Colossus  
  101  6:53  Pylon  
  109  6:54  Probe (Chrono Boost)  
  109  6:55  Adept x3  
  115  7:02  Probe (Chrono Boost)  
  115  7:04  Probe (Chrono Boost), Assimilator x2  
  115  7:05  Probe (Chrono Boost)  
  118  7:13  Probe (Chrono Boost)  
  118  7:15  Probe (Chrono Boost)  
  121  7:16  Probe (Chrono Boost)  
  121  7:17  Sentry x3  
  127  7:23  Probe (Chrono Boost)  
  127  7:26  Probe (Chrono Boost)  
  127  7:28  Probe (Chrono Boost)  
  130  7:34  Probe (Chrono Boost)  
  130  7:36  Pylon  
  131  7:37  Gateway  
  131  7:38  Gateway  
  131  7:39  Extended Thermal Lance  
  131  7:40  Gateway  
  131  7:47  Observer, Stalker x2  
  131  7:48  Stalker  
  138  8:03  Pylon, Probe (Chrono Boost)  
  138  8:04  Probe (Chrono Boost)  
  138  8:05  Probe (Chrono Boost)  
  141  8:07  Colossus  
  147  8:15  Adept  
  149  8:26  Pylon, Robotics Facility  
  149  8:29  Pylon  
  149  8:35  Adept  
  149  8:36  Adept x3  
  149  8:39  Nexus  
  149  8:41  Pylon  
  157  8:44  Forge  
  157  8:45  Pylon, Forge  
  157  8:54  Probe x2 (Chrono Boost)  
  157  8:55  Probe (Chrono Boost)  
  160  9:00  Adept x6  
  172  9:05  Colossus  
  172  9:08  Protoss Ground Weapons Level 1  
  172  9:09  Protoss Ground Armor Level 1, Assimilator  
  178  9:11  Assimilator  
  178  9:16  Pylon  
  178  9:21  Pylon  
  178  9:25  Sentry  
  178  9:26  Sentry x4  
  188  9:51  Gateway  
  188  9:52  Gateway  
  185  9:55  Gateway  
  185  9:57  Gateway  
  184  10:00  Gateway  
  184  10:01  Colossus  
  184  10:03  Stalker x3  
  184  10:04  Stalker x2  
  200  10:17  Templar Archives  
  188  10:40  Stalker x6  
  190  11:00  Stalker x4  
Tags
 
Add a new tag
Caveats
  • Supply blocks, unpowered buildings, or Contaminate may cause inaccurate times.
  • Supply counts are checked every 10 seconds.